 Dungeon Crawl Stone Soup version 0.28.0-53-g5a82cb258f (webtiles) character file.

Game seed: 9847493386628612619

4776 Plasmagod the Thaumaturge (level 10, -2/61 HPs)
             Began as a Djinni Fire Elementalist on July 26, 2022.
             Was a Priest of Makhleb.
             Slain by an elephant (11 damage)
             ... on level 8 of the Dungeon.
             The game lasted 00:30:04 (9613 turns).

Plasmagod the Thaumaturge (DjFE)                    Turns: 9613, Time: 00:30:05

Health: -2/61      AC:  5    Str:  7    XL:     10   Next: 75%
Gold:   409        EV: 13    Int: 27    God:    Makhleb [***...] SH:  0 Dex: 14

rFire   + + +      SeeInvis .   k - staff of fire
rCold   x . .      Faith    .   (no shield)
rNeg    . . .      Spirit   .   a - +0 robe
rPois   ∞          Reflect  .   (no helmet)
rElec   .          Harm     .   i - +0 cloak
rCorr   .          Rampage  .   n - +1 pair of gloves
Will    +....                   (boots unavailable)
Stlth   +++.......              (no amulet)
HPRegen 0.20/turn               m - ring of protection from fire
MPRegen 0.00/turn               s - +6 ring of intelligence

@: flying
A: sickness immunity, fire resistance 2, cold vulnerability 1, float, innate
caster, HP casting, extra vitality 1
a: Renounce Religion, Minor Destruction, Lesser Servant of Makhleb


You were on level 8 of the Dungeon.
You worshipped Makhleb.
Makhleb was most pleased with you.
You visited 2 branches of the dungeon, and saw 9 of its levels.

You collected 409 gold pieces.

Inventory:

Missiles
 r - 107 stones
Armour
 a - a +0 robe (worn)
 i - a +0 cloak (worn)
 n - a +1 pair of gloves (worn)
Magical Staves
 k - a staff of fire (weapon)
Jewellery
 m - a ring of protection from fire (left hand)
 s - a +6 ring of intelligence (right hand)
Wands
 b - a wand of iceblast (4)
 q - a wand of paralysis (8)
 t - a wand of polymorph (20)
Scrolls
 d - 2 scrolls of identify
 h - 7 scrolls of teleportation
 j - 2 scrolls of vulnerability
 o - 2 scrolls of noise
 u - a scroll of enchant weapon
Potions
 c - a potion of mutation
 e - a potion of magic {unknown}
 f - a potion of attraction {unknown}
 g - 2 potions of curing
 l - 5 potions of haste
 w - 2 potions of flight {unknown}
 x - a potion of might {unknown}
 z - a potion of degeneration {unknown}
 A - a potion of brilliance {unknown}


   Skills:
 + Level 0.4 Fighting
 + Level 3.4 Dodging
 + Level 4.3 Stealth
 + Level 10.9 Spellcasting
 * Level 3.0 Invocations
 + Level 1.0 Evocations


You had 8 spell levels left.
You knew the following spells:

 Your Spells              Type           Power      Damage    Failure   Level
a - Foxfire               Conj/Fire      100%       2x1d9     1%          1
b - Scorch                Fire           100%       2d10      1%          2
c - Conjure Flame         Conj/Fire      84%        6-21      1%          3
d - Inner Flame           Hex/Fire       84%        N/A       1%          3
e - Flame Wave            Conj/Fire      84%        2d15      1%          4
f - Sandblast             Erth           100%       2d20      1%          1
g - Wereblood             Tmut           65%        N/A       1%          2
h - Searing Ray           Conj           100%       2d8       1%          2
i - Animate Dead          Necr           32%        N/A       1%          4
Your spell library was empty.

Dungeon Overview and Level Annotations

Branches:
Dungeon (8/15)             Temple (1/1) D:4            Lair (0/6) D:8

Altars:
Ashenzari
Cheibriados
Dithmenos
Elyvilon
Fedhas
Gozag
Kikubaaqudgha
Makhleb
Nemelex Xobeh
Okawaru
Ru
Vehumet
Wu Jian
Xom
Yredelemnul
Zin
The Shining One


Innate Abilities, Weirdness & Mutations

You are immune to sickness and miasma.
You are immune to poison.
Your flesh is very heat resistant. (rF++)
You are vulnerable to cold. (rC-)
You float through the air rather than walking.
You learn spells naturally, not from books.
Your magical power is your life essence.
You have superior vitality. (+4 MHP)


Message History

Your foxfire dissipates!
Things that are here:
a +0 robe; a +7 scimitar Your kobold zombie hits the elephant but does no damage.
Okay, then.
You feel much better.
Okay, then.
Okay, then.
The elephant barely misses you. x2
There is a stone staircase leading up here.
Casting: Foxfire (safe; 1% risk of failure)
Confirm with . or Enter, or press ? or * to list all spells.
You feel a surge of power!
The fire begins to smoulder!
The elephant tramples you.
You are shoved backwards!
Casting: Conjure Flame (safe; 1% risk of failure)
Confirm with . or Enter, or press ? or * to list all spells.
You feel a surge of power!
Flames lash the elephant.
The elephant is lightly wounded.
The elephant's fire resistance burns away.
The elephant tramples you!
You are shoved backwards!
The fire ignites!
Casting: Scorch (safe; 1% risk of failure)
Confirm with . or Enter, or press ? or * to list all spells.
You feel a surge of power!
The fire begins to smoulder!
The elephant tramples you!
* * * LOW HITPOINT WARNING * * *
You are shoved backwards!
You feel much better. The elephant tramples you!
You are shoved backwards!
The fire ignites!
The elephant misses you. The elephant trunk-slaps you.
The elephant is no longer more vulnerable to fire.
Casting: Conjure Flame (safe; 1% risk of failure)
Confirm with . or Enter, or press ? or * to list all spells.
You feel a surge of power!
The fire begins to smoulder!
* * * LOW HITPOINT WARNING * * *
The elephant smothers the flame.
The elephant tramples you!
* * * LOW HITPOINT WARNING * * *
You hold your ground!
The elephant barely misses you.
You feel better. The elephant tramples you!
You die...

#...# #.##.#
##
#.#######.##.#
##)
#.##.)..Z....#
#.#
#.##.#######.#
##(# #.##.#
##.# ##)..
#.##.#
#..###..).
#.##.#
#..Z))Z)..
#.##Y#
#..###....
#?.@.# ####
##).. ######
##'# #......
#c###.# #.#
#.8 #.. ####
#.#


You could see an elephant.

Vanquished Creatures
  A gargoyle (D:7)
  An efreet (D:8)
  Sigmund (D:4)
  A yak (D:8)
  Eustachio (D:5)
  2 steam dragons
  3 water moccasins
  2 ice beasts (D:7)
  2 orc warriors (D:8)
  2 black bears (D:8)
  An ogre (D:4)
  2 necrophages
  2 phantoms
  2 centaurs
  3 kobold brigands
  3 bullfrogs
  3 scorpions
  3 wyvern zombies
  A wyvern skeleton (D:5)
  Dowan (D:7)
  6 killer bees (D:8)
  5 wights (D:8)
  3 howler monkeys (D:8)
  An orc priest (D:8)
  A bullfrog skeleton (D:6)
  4 centaur skeletons
  2 gnoll shamans
  3 iguanas
  2 orc wizards (D:8)
  4 killer bee zombies
  8 gnolls
  A howler monkey skeleton (D:7)
  7 adders
  A shadow imp (D:6)
  A white imp (D:7)
  An ufetubus (D:4)
  An adder skeleton (D:5)
  A worm (D:2)
  16 orcs
  4 endoplasms
  5 giant cockroaches
  10 goblins
  5 hobgoblins
  23 kobolds
  A quokka (D:4)
  2 ball pythons (D:4)
  6 bats
  A frilled lizard (D:3)
  3 rats
165 creatures vanquished.

Vanquished Creatures (others)
  439 foxfires
  A fungus (D:8)
  3 plants (D:8)
443 creatures vanquished.

Grand Total: 608 creatures vanquished

Notes
Turn   | Place    | Note
-------+----------+-------------------------------------------
     0 | D:1      | Plasmagod the Djinni Fire Elementalist began the quest for
                  | the Orb.
     0 | D:1      | Reached XP level 1. HP: 15/15 MP: 0/0
   163 | D:1      | Found a faded altar of an unknown god.
   250 | D:1      | Reached XP level 2. HP: 20/21 MP: 0/0
  1016 | D:2      | Reached skill level 3 in Spellcasting
  1034 | D:2      | Reached XP level 3. HP: 10/25 MP: 0/0
  1034 | D:2      | Learned a level 1 spell: Sandblast
  1497 | D:2      | You are sucked into a shaft and drop 2 floors!
  1514 | D:4      | Found a staircase to the Ecumenical Temple.
  1523 | Temple   | Entered the Ecumenical Temple
  1564 | Temple   | Became a worshipper of Makhleb the Destroyer
  1596 | D:4      | Reached XP level 4. HP: 28/31 MP: 0/0
  1638 | D:3      | Found a sparkling altar of Nemelex Xobeh.
  1720 | D:3      | Found a glowing silver altar of Zin.
  1721 | D:3      | Found a basalt altar of Yredelemnul.
  2214 | D:3      | Found an iron altar of Okawaru.
  2326 | D:3      | Found a sacrificial altar of Ru.
  2479 | D:4      | Noticed a necrophage
  2485 | D:4      | Killed a necrophage
  2486 | D:4      | Reached skill level 4 in Spellcasting
  2486 | D:4      | Reached XP level 5. HP: 27/35 MP: 0/0
  2486 | D:4      | Learned a level 2 spell: Wereblood
  2606 | D:4      | Found a shadowy altar of Dithmenos.
  2646 | D:4      | Found an opulent altar of Gozag.
  2748 | D:4      | Reached XP level 6. HP: 33/40 MP: 0/0
  2841 | D:4      | Noticed an ogre
  2842 | D:4      | Noticed Sigmund
  2846 | D:4      | Killed an ogre
  2846 | D:4      | Killed Sigmund
  2846 | D:4      | Reached * piety under Makhleb
  2847 | D:4      | Reached skill level 5 in Spellcasting
  2847 | D:4      | Reached XP level 7. HP: 38/45 MP: 0/0
  2847 | D:4      | Learned a level 2 spell: Searing Ray
  3143 | D:4      | Found a white marble altar of Elyvilon.
  3369 | D:4      | Found an ornate altar of the Wu Jian Council.
  3550 | D:5      | Entered Level 5 of the Dungeon
  3789 | D:5      | Reached skill level 6 in Spellcasting
  3847 | D:5      | Reached XP level 8. HP: 50/50 MP: 0/0
  4344 | D:6      | Noticed Eustachio
  4354 | D:5      | Killed Eustachio
  4579 | D:6      | Reached skill level 7 in Spellcasting
  5392 | D:7      | Reached XP level 9. HP: 49/55 MP: 0/0
  5392 | D:7      | Learned a level 4 spell: Animate Dead
  5503 | D:7      | Reached ** piety under Makhleb
  5504 | D:7      | Reached skill level 8 in Spellcasting
  5628 | D:7      | Noticed Dowan
  5636 | D:7      | Killed Dowan
  5639 | D:7      | Noticed Duvessa
  6058 | D:7      | Found a blossoming altar of Fedhas.
  6340 | D:7      | Noticed Duvessa
  6340 | D:7      | Duvessa changed into Duvessa the scorpion
  6342 | D:7      | Killed Duvessa the scorpion
  6484 | D:7      | Reached skill level 9 in Spellcasting
  6995 | D:8      | Noticed a gargoyle
  7404 | D:8      | Reached XP level 10. HP: 44/60 MP: 0/0
  7416 | D:8      | Reached skill level 10 in Spellcasting
  7591 | D:8      | Reached skill level 1 in Evocations
  8135 | D:8      | HP: 2/60 [gargoyle/stone arrow (17)]
  8434 | D:8      | Noticed a cyan ugly thing
  8753 | D:7      | Killed a gargoyle
  8754 | D:7      | Reached skill level 1 in Invocations
  8831 | D:8      | Found a staircase to the Lair.
  9207 | D:8      | Reached *** piety under Makhleb
  9579 | D:8      | Noticed an efreet
  9590 | D:8      | Killed an efreet
  9590 | D:8      | Noticed an elephant
  9612 | D:8      | HP: 3/61 [elephant (15)]
  9613 | D:8      | Slain by an elephant

Illustrated notes

Levels and vault maps discovered:
D:1:      dpeg_arrival_line_fractal, layout_loops_ring,
          ebering_ecumenical_altar_sacrificial, feat_on_display
D:2:      layout_basic, basic_altar, kennysheep_small_spiral,
          minmay_diced_spiral
D:3:      layout_rooms, mainiacjoe_overflow_brackets,
          kennysheep_okawaru_gauntlet, nicolae_ru_path_of_blood,
          gammafunk_temple_overflow_pools
D:4:      layout_loops_ring, grunt_dithmenos_smoke_and_mirrors,
          grunt_gozag_breadcrumbs, nicolae_elyvilon_peaceful_grove,
          pdpol_wu_jian_five_deadly_venoms,
          minmay_temple_entry_drinking_statues, minmay_surrounded, uniq_sigmund
D:5:      layout_basic, hangedman_abyss_or_decor_passed
D:6:      layout_loops_ring, serial_bayou_crossing, uniq_eustachio
D:7:      layout_loops_ring, mainiacjoe_overflow_two_lobes, minmay_puff,
          uniq_duvessa
D:8:      wad_arrow_thing, layout_loops_ring, david_lair_generic,
          lightli_ossuary_entry_decrepit_ruins, minmay_tree_intersection
Temple:   jpeg_temple_alley_garden

Skill      XL: |  1  2  3  4  5  6  7  8  9 10 |
---------------+-------------------------------+-----
Spellcasting   | 3 4 5 6 7 9 10 | 10.9
Stealth        | 2 3 4 |  4.3
Evocations     | 1 |  1.0
Dodging        | 3 |  3.4
Invocations    | 3 |  3.0
Fighting       | |  0.4

Action                   |  1- 3 |  4- 6 |  7- 9 | 10-12 || total
-------------------------+-------+-------+-------+-------++-------
 Cast: Foxfire           |    45 |    46 |   126 |    60 ||   277
       Scorch            |     8 |    13 |    48 |    49 ||   118
       Inner Flame       |       |     1 |       |       ||     1
       Searing Ray       |       |       |     5 |     4 ||     9
       Animate Dead      |       |       |     3 |     6 ||     9
       Flame Wave        |       |       |     3 |       ||     3
       Conjure Flame     |       |       |       |     4 ||     4
       Sandblast         |       |       |       |     2 ||     2
Evoke: Wand              |       |       |     2 |       ||     2
  Use: Scroll            |       |       |    16 |     1 ||    17
       Potion            |       |       |       |     4 ||     4
Armor: Robe              |     1 |       |     4 |     4 ||     9
Dodge: Dodged            |     3 |     2 |    13 |    28 ||    46
